 Seeded DCSS version 0.30.0-7-g0c4daa9e05 (webtiles) character file.

Game seed: 18007716519941398942 (custom seed)

114878 IndexError the Marksdemonspawn (level 16, -11/113 (132) HPs)
             Began as a Demonspawn Hunter on May 12, 2023.
             Was the Champion of Ru.
             Killed from afar by an ironbound thunderhulk (19 damage)
             ... with a bolt of lightning
             ... summoned by a worldbinder
             ... on level 2 of the Abyss on May 13, 2023.
             The game lasted 00:49:20 (24660 turns).

IndexError the Marksdemonspawn (Demonspawn Hunter) Turns: 24660, Time: 00:49:20

HP:   -11/113 (132) AC: 13    Str: 14    XL:     16   Next: 17%
MP:   0/25          EV: 21    Int: 17    God:    Ru [******]
Gold: 2129          SH:  0    Dex: 20    Spells: 5/15 levels left

rFire   . . .        a - +5 longbow (elec)
rCold   . . .        (shield currently unavailable)
rNeg    . . .        J - +3 leather armour {rPois}
rPois   +            o - +2 hat {Will+}
rElec   .            p - +2 cloak
rCorr   +            (gloves unavailable)
SInv    +            D - +1 pair of boots
Will    ++...        y - amulet of guardian spirit {Spirit}
Stlth   ++++++       Y - ring of Eckitaof {rCorr MP+9 Slay+3 SInv}
HPRegen 0.00/turn    Z - +4 ring of slaying
MPRegen 0.19/turn

%: guardian spirit, wizardry (x1)
@: mighty, exhausted, about to teleport, inhibited regen, heavily drained,
unable to drink
A: claws 3, clumsy 1, powered by death 2, powered by pain 3, inhibited
regeneration, inability to drink after injury 2, inability to use devices,
inability to train armour, big brain 3
a: Renounce Religion, Draw Out Power, Power Leap, Apocalypse


You were on level 2 of the Abyss.
You worshipped Ru.
Ru was exalted by your worship.
You visited 5 branches of the dungeon, and saw 25 of its levels.
You visited the Abyss 1 time.
You also visited: Ice Cave.

You collected 2309 gold pieces.
You spent 180 gold pieces at shops.

Inventory:

Hand Weapons
 a - a +5 longbow of electrocution (weapon)
   (You acquired it on level 1 of the Dungeon)
Missiles
 c - 5 javelins
 B - 7 atropa-tipped darts
Armour
 o - a +2 hat of willpower (worn)
   (You took it off Gastronok on level 8 of the Dungeon)
 p - a +2 cloak (worn)
   (You found it on level 2 of the Dungeon)
 D - a +1 pair of boots (worn)
   (You bought it in a shop on level 2 of the Orcish Mines)
 J - a +3 leather armour of poison resistance (worn)
   (You took it off Eustachio on level 6 of the Dungeon)
 M - a scarf of repulsion
   (You found it on level 12 of the Dungeon)
Jewellery
 t - a ring of willpower
   (You found it on level 2 of the Dungeon)
 v - a +4 ring of protection
   (You found it on level 2 of the Dungeon)
 x - a ring of positive energy {rN+}
   (You found it on level 3 of the Dungeon)
 y - an amulet of guardian spirit (around neck) {Spirit}
   (You found it on level 9 of the Dungeon)
 G - a ring of protection from fire {rF+, !d}
   (You found it on level 13 of the Dungeon)
 L - a ring of protection from fire {rF+, !d}
   (You found it on level 11 of the Dungeon)
 N - a ring of protection from cold {rC+, !d}
   (You found it on level 13 of the Dungeon)
 V - a ring of poison resistance {rPois, !d}
   (You found it on level 2 of the Lair of Beasts)
 W - the ring of Nuxkeled {rC+ Int+5 Dex+2 SInv}
   (You acquired it on level 2 of the Lair of Beasts)

   [ring of see invisible]

   Int:       It affects your intelligence (+5).
   Dex:       It affects your dexterity (+2).
   rC:        It protects you from cold.
   SInv:      It lets you see invisible.
 Y - the ring of Eckitaof (left claw) {rCorr MP+9 Slay+3 SInv}
   (You found it on level 2 of the Lair of Beasts)

   [ring of magical power]

   Slay:      It affects your accuracy & damage with ranged weapons and melee
   (+3).
   MP:        It affects your magic capacity (+9).
   SInv:      It lets you see invisible.
   rCorr:     It protects you from acid and corrosion.
 Z - a +4 ring of slaying (right claw)
   (You found it on level 5 of the Lair of Beasts)
Scrolls
 b - 4 scrolls of immolation {!r}
 d - 2 scrolls of magic mapping {!r}
 g - a scroll of brand weapon
 h - 3 scrolls of fog
 k - 3 scrolls of identify
 r - 2 scrolls of blinking {!r}
 s - 4 scrolls of amnesia
 z - a scroll of torment {!r}
 F - 5 scrolls of teleportation
 P - a scroll of silence
 Q - a scroll of poison
 T - a scroll of butterflies
Potions
 e - 4 potions of berserk rage {!q}
 f - a potion of invisibility
 i - 3 potions of heal wounds
 j - 10 potions of might
 l - 2 potions of brilliance
 m - 2 potions of lignification {!q}
 n - 6 potions of attraction {!q}
 q - 2 potions of haste
 u - 2 potions of resistance
 A - a potion of flight
 H - 11 potions of curing
 K - 5 potions of ambrosia
 S - 2 potions of cancellation {unknown}
 U - a potion of magic
 X - a potion of mutation {unknown}
Miscellaneous
 C - a piece from Xom's chessboard (15/15)
   (You found it on level 3 of the Dungeon)
 O - a lightning rod (4/4)
   (You found it on level 13 of the Dungeon)


   Skills:
 * Level 13.9 Fighting
 - Level 18.0 Ranged Weapons
 - Level 14.0 Dodging
 - Level 15.0 Stealth
 + Level 5.6 Necromancy
 + Level 4.5 Earth Magic


You had 5 spell levels left.
You knew the following spells:

 Your Spells              Type           Power      Damage    Failure   Level
a - Borgnjor's Vile Clut  Necr/Erth      8%         N/A       38%         5
b - Silence               Hex/Air        0%         N/A       96%         5

Your spell library contained the following spells:

 Spells                   Type           Power      Damage    Failure   Level
 Necrotise                Necr           76%        1d7       1%          1
 Apportation              Tloc           0%         N/A       12%         1
 Freeze                   Ice            0%         1d3       12%         1
 Sting                    Tmut/Pois      0%         1d3       12%         1
 Summon Small Mammal      Summ           0%         N/A       12%         1
 Lesser Beckoning         Tloc           0%         N/A       17%         2
 Poisonous Vapours        Pois/Air       0%         N/A       17%         2
 Scorch                   Fire           0%         2d5       17%         2
 Dazzling Flash           Conj/Hex       0%         N/A       32%         3
 Frozen Ramparts          Ice            0%         1d1       32%         3
 Gell's Gravitas          Tloc           0%         N/A       32%         3
 Hailstorm                Conj/Ice       0%         3d3       32%         3
 Inner Flame              Hex/Fire       0%         N/A       32%         3
 Ozocubu's Armour         Ice            0%         N/A       32%         3
 Teleport Other           Tloc           0%         N/A       32%         3
 Vhi's Electric Charge    Tloc/Air       0%         N/A       32%         3
 Volatile Blastmotes      Fire/Tloc      0%         2d10      32%         3
 Agony                    Necr           19%        N/A       32%         5
 Animate Armour           Summ/Erth      14%        N/A       41%         4
 Flame Wave               Conj/Fire      0%         2d4       71%         4
 Olgreb's Toxic Radiance  Pois           0%         N/A       71%         4
 Sticky Flame             Conj/Fire      0%         2d3       71%         4
 Alistair's Intoxication  Tmut/Pois      0%         N/A       96%         5
 Blade Hands              Tmut           0%         N/A       96%         5
 Metabolic Englaciation   Hex/Ice        0%         N/A       96%         5
 Iron Shot                Conj/Erth      3%         9d2       99%         6
 Simulacrum               Ice/Necr       4%         N/A       99%         6
 Eringya's Noxious Bog    Tmut/Pois      0%         N/A       100%        6
 Summon Cactus Giant      Summ           0%         N/A       100%        6


Dungeon Overview and Level Annotations

Branches:
Dungeon (15/15)            Temple (1/1) D:7            Lair (5/5) D:10
 Shoals (0/4) Lair:2        Snake (2/4) Lair:2        Slime (0/5) Lair:5
    Orc (2/2) D:9             Elf (0/3) Orc:2        Vaults (0/5) D:14
 Depths (0/4) D:15          IceCv (visited)

Altars:
Ashenzari
Cheibriados
Dithmenos
Fedhas
Gozag
Hepliaklqana
Kikubaaqudgha
Makhleb
Nemelex Xobeh
Okawaru
Qazlal
Ru
Sif Muna
Trog
Uskayaw
Vehumet
Wu Jian
Xom
Yredelemnul

Shops:
D:2 :   D:6 ?   D:7 (   D:13 (?   Orc:2 (*[=

Portals:
Trove: D:15 (give 8 scrolls of fear)


Innate Abilities, Weirdness & Mutations

You have claws for hands.
You are clumsy. (Dex -2)
You regenerate health from kills.
You are powered by pain.
You do not regenerate when monsters are visible.
You sometimes lose the ability to drink potions when taking damage.
You cannot study or use magical devices.
You cannot train Armour skill.
You have an absolutely massive brain. (Int +6, Wiz)


Message History

You shoot an arrow. The arrow hits the salamander tyrant!!
The salamander hits you from afar with a +4 spear of distortion.
You are engulfed in flames!
Space warps horribly around you!
You take 22 damage, and have 97/132 hp.
You now have 19/25 mp.
You shoot an arrow. The arrow hits the salamander!!
You shoot an arrow. The arrow hits the salamander!
The salamander hits you from afar with a +4 spear of distortion!
You are engulfed in flames!
You feel threatened and lose the ability to drink potions!
You focus your inner power and blind the salamander in retribution!
You are cast into the Abyss!
To return, you must find a gate leading back.
Killing monsters will force the Abyss to allow you passage.
This branch contains the abyssal rune of Zot.
You are too injured to fight recklessly!
You take 20 damage, and have 77/132 hp.
You now have 15/25 mp.
You are too injured to fight recklessly!
You are too injured to fight recklessly!
You can drink potions again.
Your attacks no longer feel as feeble.
A raiju comes into view.
You regained 16 hp, and now have 93/132 hp.
You regained 6 mp, and now have 21/25 mp.
You shoot an arrow. The arrow hits the raiju!!
You hear a bark!
You shoot an arrow. The arrow misses the raiju.
You shoot an arrow. The arrow barely misses the raiju.
A raiju comes into view.
You shoot an arrow. The arrow hits the raiju!!
You shoot an arrow. The arrow hits the raiju!
You redirect the raiju's attack!
A worldbinder comes into view.
You shoot an arrow. The arrow hits the raiju!!
The worldbinder calls forth creatures from the Vaults!
You shoot an arrow.
The arrow hits the cyan very ugly thing!!
The worldbinder calls forth creatures from the Vaults!
The cyan very ugly thing disappears in a puff of smoke!
A neqoxec comes into view.
Unknown command.
Activating: Apocalypse
Press: ? - help, Dir - look around, f - activate You reveal the great annihilating truth to your foes!
The cyan very ugly thing slows down under the weight of truth!
You feel drained.
You hear a horrible gurgling sound!
You hear a hideous shriek!
You hear a bark! x2
You now have 16/25 mp.
The cyan very ugly thing disappears in a puff of smoke!
The worldbinder calls forth creatures from the Vaults!
The worldbinder calls forth creatures from the Vaults!
The vault sentinel blows a loud note on a signal horn!
You hear an angry growl.
Electricity crackles from the ironbound thunderhulk's apparatus.
The bolt of lightning hits you!!
You feel threatened and lose the ability to drink potions!
You focus on the pain.
You feel very mighty all of a sudden.
Electricity crackles from the ironbound thunderhulk's apparatus.
The bolt of lightning hits you!!
You focus your inner power and illuminate the ironbound thunderhulk in retribution!
You take 49 damage, and have 45/113 hp.
MASSIVE DAMAGE!!
You now have 8/25 mp.
Strange energies crackle from the ironbound thunderhulk's apparatus.
The ironbound thunderhulk blinks!
Strange energies crackle from the ironbound thunderhulk's apparatus.
The ironbound thunderhulk blinks!
Electricity crackles from the ironbound thunderhulk's apparatus.
The bolt of lightning hits you!
* * * LOW HITPOINT WARNING * * *
You focus on the pain.
You feel your power returning.
You take 14 damage, and have 31/113 hp.
You regained 5 mp, and now have 13/25 mp.
The vault sentinel unwields a +0 war axe.
The vault sentinel wields a +0 arbalest.
The vault sentinel shoots a bolt.
The bolt hits you!
* * * LOW HITPOINT WARNING * * *
You take 11 damage, and have 20/113 hp.
You now have 9/25 mp.
The ironbound thunderhulk disappears in a puff of smoke!
The worldbinder calls forth creatures from the Vaults!
The ironbound thunderhulk attacks as you move away!
The ironbound thunderhulk hits you with a +0 dire flail!
* * * LOW HITPOINT WARNING * * *
You take 10 damage, and have 10/113 hp.
You now have 5/25 mp.
As you read the scroll of teleportation, it crumbles to dust.
You feel strangely unstable.
You feel the power of the Abyss delaying your translocation!
The worldbinder is stunned by your conviction and fails to attack.
A fire crab comes into view.
The worldbinder hits you but does no damage.
The worldbinder completely misses you.
The worldbinder attacks as you move away!
You redirect the worldbinder's attack!
The worldbinder hits the ironbound thunderhulk. x2
Electricity crackles from the ironbound thunderhulk's apparatus.
The bolt of lightning misses you. The worldbinder hits you.
* * * LOW HITPOINT WARNING * * *
The worldbinder closely misses you.
Electricity crackles from the ironbound thunderhulk's apparatus.
The bolt of lightning hits you!!
You die...

#..# ..##.# # ..
# . .##
#.##.#..#.# ##.##
#
##.##....####...#
.#
#...#..##.#.....#
..
#.#O.###....t.. .
#.#O#.... ...#.
####..#.##
#..#x#.#
...#.##@#. ### ##
###


You could see 2 ironbound thunderhulks and a worldbinder.

Vanquished Creatures
  Vashnia (Snake:2)
  Jorgrun (Orc:2)
  Rupert (Orc:2)
  Gastronok (D:8)
  An orc warlord (Orc:2)
  An ironbound preserver (D:14)
  Nessos (Orc:2)
  A fire dragon (Lair:5)
  An ettin (Orc:2)
  Josephine (Snake:1)
  The ghost of waddelsworth the Devastator, a journeyman GrEE of Vehumet (Orc:1)
  A salamander tyrant (Snake:2)
  2 ice dragons (D:15)
  5 anacondas
  5 hydras
  Harold (D:9)
  A catoblepas (D:13)
  2 centaur warriors
  A two-headed ogre (D:13)
  Erica (D:8)
  3 boulder beetles
  7 naga sharpshooters
  2 naga warriors
  A shock serpent (shapeshifter) (D:15)
  An orc high priest (Orc:2)
  3 shock serpents
  Urug (Orc:1)
  Nergalle (D:10)
  2 skysharks (Lair:5)
  3 naga ritualists
  A glowing orange brain (D:15)
  2 lindwurms
  5 mana vipers
  4 orc knights
  2 deep elf pyromancers
  4 orc sorcerers (Orc:2)
  6 salamanders
  2 ugly things
  24 elephants
  4 oklob plants (Lair:2)
  8 cyclopes
  5 manticores
  28 black mambas
  2 merfolk sirens (Lair:2)
  5 naga magi
  11 cane toads
  2 gargoyles
  2 molten gargoyles (Lair:5)
  2 freezing wraiths
  3 efreet
  2 ice devils (D:11)
  2 kobold demonologists
  7 komodo dragons
  4 rime drakes
  2 guardian mummies (D:15)
  2 merfolk (Lair:2)
  A meliai (shapeshifter) (D:14)
  6 trolls
  2 polar bears (Lair:3)
  Grinder (D:5)
  A raiju (shapeshifter) (D:15)
  2 raiju (Abyss:2)
  A troll (shapeshifter) (D:14)
  15 blink frogs
  A jumping spider (shapeshifter) (D:15)
  8 slime creatures
  5 wraiths
  37 yaks
  Eustachio (D:6)
  12 wyverns
  9 basilisks
  A neqoxec (Abyss:2)
  4 steam dragons
  6 vampire mosquitoes
  5 wargs
  3 acid dragons
  8 nagas
  4 hell hounds (Lair:5)
  A floating eye (D:9)
  28 water moccasins
  A spectral troll (Orc:1)
  21 orc warriors
  3 black bears
  2 black bears (shapeshifter)
  2 ice beasts (D:7)
  8 ogres
  11 wolves
  14 centaurs
  3 phantoms (D:5)
  6 kobold brigands
  Blork the orc (D:4)
  4 gnoll sergeants
  6 bullfrogs
  2 scorpions
  A cane toad simulacrum (IceCv)
  9 wights
  A spectral ogre (Orc:1)
  19 killer bees
  2 electric eels (Lair:4)
  A crimson imp (D:9)
  5 lava snakes (Lair:5)
  2 jellies
  4 gnoll boudas
  9 orc priests
  3 hounds
  A sleepcap (D:4)
  Crazy Yiuf (D:7)
  3 iguanas
  Ijyb (D:5)
  13 orc wizards
  6 hell rats (Lair:5)
  A polar bear simulacrum (IceCv)
  A spectral orc (Orc:1)
  A troll simulacrum (Orc:1)
  39 gnolls
  6 adders
  3 ogre simulacra (Orc:1)
  6 shadow imps
  2 white imps
  An orc simulacrum (Orc:1)
  3 worms (D:2)
  4 dart slugs
  34 orcs
  3 bats
  10 endoplasms
  4 giant cockroaches
  11 goblins
  2 hobgoblins (D:1)
  6 jackals
  22 kobolds
  4 quokkas
  7 ball pythons
  4 frilled lizards
  6 rats
702 creatures vanquished.

Vanquished Creatures (others)
  2 elephants
  2 black mambas
  A cane toad (Lair:5)
  An orc (Orc:2)
6 creatures vanquished.

Grand Total: 708 creatures vanquished

Notes
Turn   | Place    | Note
-------+----------+-------------------------------------------
     0 | D:1      | IndexError the Demonspawn Hunter began the quest for the
                  | Orb.
     0 | D:1      | Reached XP level 1. HP: 16/16 MP: 1/1
    64 | D:1      | Gained mutation: You sometimes gain a little power by
                  | taking damage. [demonic ancestry]
    64 | D:1      | Reached XP level 2. HP: 22/22 MP: 2/2
    92 | D:1      | Reached skill level 4 in Ranged Weapons
   153 | D:1      | Identified 3 scrolls of acquirement
   153 | D:1      | Acquired a manual of Ranged Weapons
   155 | D:1      | Acquired a manual of Ranged Weapons
   157 | D:1      | Acquired a +2 longbow of freezing
   416 | D:1      | Gained mutation: You have sharp fingernails. [demonic
                  | ancestry]
   416 | D:1      | Reached XP level 3. HP: 28/28 MP: 3/3
   586 | D:1      | Found a faded altar of an unknown god.
   586 | D:1      | Noticed a neqoxec
  1177 | D:2      | Reached skill level 5 in Ranged Weapons
  1260 | D:2      | Gained mutation: You have very sharp fingernails. [demonic
                  | ancestry]
  1260 | D:2      | Reached XP level 4. HP: 34/34 MP: 4/4
  1332 | D:2      | Found Lemucar's Book Boutique.
  1358 | D:2      | Identified the +2 hand axe "Plog" {drain, +Blink rCorr}
  2018 | D:3      | Reached skill level 3 in Fighting
  2094 | D:3      | Found a stormy altar of Qazlal.
  2486 | D:3      | Found a shimmering altar of Xom.
  2680 | D:4      | Noticed Blork the orc
  2684 | D:4      | Killed Blork the orc
  2685 | D:4      | Reached skill level 6 in Ranged Weapons
  2685 | D:4      | Reached XP level 5. HP: 39/41 MP: 5/5
  2747 | D:4      | Found a sparkling altar of Nemelex Xobeh.
  2882 | D:4      | Reached skill level 7 in Ranged Weapons
  3055 | D:4      | Found an ornate altar of the Wu Jian Council.
  3112 | D:4      | Reached XP level 6. HP: 48/48 MP: 6/6
  3193 | D:5      | Entered Level 5 of the Dungeon
  3197 | D:5      | Reached skill level 4 in Fighting
  3217 | D:5      | Reached skill level 8 in Ranged Weapons
  3220 | D:5      | Gained mutation: You sometimes gain power by taking damage.
                  | [demonic ancestry]
  3220 | D:5      | Reached XP level 7. HP: 55/55 MP: 7/7
  3251 | D:5      | Noticed Ijyb
  3346 | D:5      | Reached skill level 9 in Ranged Weapons
  3381 | D:5      | Reached skill level 5 in Fighting
  3435 | D:5      | Killed Ijyb
  3485 | D:5      | Noticed Grinder
  3496 | D:5      | Killed Grinder
  3497 | D:5      | Reached skill level 10 in Ranged Weapons
  3499 | D:5      | Gained mutation: You have claws for hands. [demonic
                  | ancestry]
  3499 | D:5      | Reached XP level 8. HP: 32/63 MP: 8/8
  3659 | D:5      | Reached skill level 11 in Ranged Weapons
  3676 | D:5      | Reached skill level 6 in Fighting
  3963 | D:5      | Found a sacrificial altar of Ru.
  4378 | D:6      | Reached skill level 12 in Ranged Weapons
  4402 | D:6      | Noticed Eustachio
  4449 | D:6      | Killed Eustachio
  4485 | D:6      | Noticed a kobold demonologist
  4694 | D:6      | Found Bevuivysk's Magic Scroll Shop.
  4742 | D:6      | Killed a kobold demonologist
  4743 | D:6      | Reached skill level 7 in Fighting
  4743 | D:6      | Reached skill level 13 in Ranged Weapons
  4743 | D:6      | Gained mutation: You have an unusually large brain. (Int
                  | +2) [demonic ancestry]
  4743 | D:6      | Reached XP level 9. HP: 72/72 MP: 9/9
  4990 | D:6      | Found a basalt altar of Yredelemnul.
  5875 | D:7      | Reached skill level 14 in Ranged Weapons
  5890 | D:7      | Found a bloodstained altar of Trog.
  5945 | D:7      | Reached skill level 8 in Fighting
  5953 | D:7      | Found Voneir's Antique Weapon Shop.
  5978 | D:7      | Found a staircase to the Ecumenical Temple.
  6021 | Temple   | Entered the Ecumenical Temple
  6305 | D:5      | Became a worshipper of Ru the Awakened
  6891 | D:7      | Found a runed translucent door.
  6892 | D:7      | Noticed Crazy Yiuf
  7052 | D:7      | Killed Crazy Yiuf
  7182 | D:8      | Reached skill level 15 in Ranged Weapons
  7338 | D:8      | Noticed Erica
  7355 | D:8      | Killed Erica
  7356 | D:8      | Gained mutation: You regenerate a little health from kills.
                  | [demonic ancestry]
  7356 | D:8      | Reached XP level 10. HP: 77/82 MP: 10/10
  7435 | D:8      | Noticed Gastronok
  7444 | D:8      | Killed Gastronok
  7445 | D:8      | Reached skill level 9 in Fighting
  7445 | D:8      | Reached skill level 16 in Ranged Weapons
  7658 | D:8      | Found an iron altar of Okawaru.
  7741 | D:9      | Noticed Harold
  7749 | D:9      | Killed Harold
  7976 | D:9      | Gained mutation: You cannot train Armour skill. [Ru
                  | sacrifice]
  7976 | D:9      | Reached * piety under Ru
  7993 | D:9      | Found a burning altar of Makhleb.
  7993 | D:9      | Found a radiant altar of Vehumet.
  8032 | D:9      | Reached skill level 17 in Ranged Weapons
  8202 | D:9      | Reached skill level 10 in Fighting
  8212 | D:9      | Gained mutation: You regenerate health from kills. [demonic
                  | ancestry]
  8212 | D:9      | Reached XP level 11. HP: 87/90 MP: 11/11
  8328 | D:9      | Found a staircase to the Orcish Mines.
  8786 | D:10     | Entered Level 10 of the Dungeon
  8843 | D:10     | Noticed Nergalle
  8859 | D:10     | Killed Nergalle
  8980 | D:10     | Found an ancient bone altar of Kikubaaqudgha.
  9007 | D:10     | Reached skill level 18 in Ranged Weapons
  9179 | D:10     | Reached skill level 11 in Fighting
  9289 | D:10     | Found a snail-covered altar of Cheibriados.
  9598 | D:10     | Found a staircase to the Lair.
  9904 | D:10     | HP: 22/95 [poisoned by a killer bee]
  9909 | D:10     | HP: 22/95 [poisoned by a killer bee]
 10141 | D:11     | Reached skill level 12 in Fighting
 10248 | D:11     | Reached skill level 2 in Dodging
 10248 | D:11     | Reached skill level 1 in Stealth
 10248 | D:11     | Found a frozen archway.
 10264 | IceCv    | Entered an ice cave
 10264 | IceCv    | Noticed a white ugly thing
 10269 | IceCv    | Reached skill level 2 in Stealth
 10279 | D:11     | Killed a white ugly thing
 10280 | D:11     | Reached skill level 3 in Dodging
 10525 | D:11     | Reached skill level 3 in Stealth
 10680 | D:11     | Gained mutation: You are clumsy. (Dex -2) [Ru sacrifice]
 10680 | D:11     | Reached ** piety under Ru
 10773 | D:11     | Reached skill level 4 in Dodging
 11060 | D:12     | Noticed a boulder beetle
 11072 | D:12     | Killed a boulder beetle
 11073 | D:12     | Reached skill level 4 in Stealth
 11170 | D:12     | Gained mutation: You have an extremely huge brain. (Int +4)
                  | [demonic ancestry]
 11170 | D:12     | Reached XP level 12. HP: 102/102 MP: 12/12
 11268 | D:12     | Reached skill level 5 in Stealth
 11284 | D:12     | Reached skill level 5 in Dodging
 11842 | D:13     | Reached skill level 6 in Stealth
 11891 | D:13     | Noticed a two-headed ogre
 11895 | D:13     | Killed a two-headed ogre
 11896 | D:13     | Reached skill level 6 in Dodging
 11932 | D:13     | Found Mothac's Firing Range.
 11966 | D:13     | Found Waneopp's Magic Scroll Boutique.
 12114 | D:13     | Noticed a centaur warrior
 12120 | D:13     | Killed a centaur warrior
 12286 | D:13     | Reached skill level 7 in Stealth
 12420 | D:13     | Reached skill level 7 in Dodging
 12625 | D:13     | Gained mutation: You occasionally lose the ability to drink
                  | potions when taking damage. [Ru sacrifice]
 12625 | D:13     | Gained mutation: You sometimes lose the ability to drink
                  | potions when taking damage. [Ru sacrifice]
 12625 | D:13     | Reached *** piety under Ru
 12651 | D:13     | Noticed a catoblepas
 12656 | D:13     | Killed a catoblepas
 12657 | D:13     | Reached skill level 8 in Stealth
 12992 | D:14     | Noticed a centaur warrior
 13028 | D:14     | Noticed an ironbound preserver
 13029 | D:14     | Reached skill level 8 in Dodging
 13046 | D:14     | Killed an ironbound preserver
 13082 | D:14     | Found a gate to the Vaults.
 13098 | D:14     | Killed a centaur warrior
 13188 | D:14     | Reached skill level 9 in Stealth
 13188 | D:14     | Reached XP level 13. HP: 108/108 MP: 13/13
 13853 | D:14     | Reached skill level 9 in Dodging
 13896 | D:14     | Found a shimmering blue altar of Sif Muna.
 13921 | D:15     | Entered Level 15 of the Dungeon
 14430 | D:15     | Reached skill level 10 in Stealth
 14449 | D:15     | Found a portal to a secret trove of treasure.
 14860 | D:15     | Found a staircase to the Depths.
 15233 | Lair:1   | Entered Level 1 of the Lair of Beasts
 15302 | Lair:1   | Gained mutation: You cannot study or use magical devices.
                  | [Ru sacrifice]
 15302 | Lair:1   | Reached **** piety under Ru
 15302 | Lair:1   | Reached ***** piety under Ru
 16271 | Lair:2   | Reached skill level 10 in Dodging
 16291 | Lair:2   | Found a staircase to the Snake Pit.
 16498 | Lair:2   | Reached skill level 11 in Stealth
 16690 | Lair:2   | Found a staircase to the Shoals.
 17173 | Lair:2   | Acquired the ring of Nuxkeled {rC+ Int+5 Dex+2 SInv}
 17449 | Lair:2   | Identified the ring of Eckitaof {rCorr MP+9 Slay+3 SInv}
 17692 | Lair:3   | Identified the +2 scale mail of Compression {Harm Rampage
                  | *Slow Str+5}
 17706 | Lair:3   | Reached skill level 11 in Dodging
 17769 | Lair:3   | Gained mutation: You are powered by pain. [demonic
                  | ancestry]
 17769 | Lair:3   | Reached XP level 14. HP: 112/115 MP: 14/14
 17815 | Lair:3   | Reached skill level 12 in Stealth
 18543 | Lair:4   | Identified the +6 falchion "Atimn" {venom, rElec}
 19239 | Lair:5   | Entered Level 5 of the Lair of Beasts
 19247 | Lair:4   | Reached skill level 12 in Dodging
 19299 | Lair:5   | Found a staircase to the Slime Pits.
 19309 | Lair:5   | Reached skill level 13 in Stealth
 19422 | Lair:5   | Identified the +1 ring mail "Seomenn" {Slay+3 Stlth+}
 20238 | Lair:5   | Found a large runed translucent door.
 20258 | Lair:5   | Reached skill level 13 in Dodging
 20266 | Lair:5   | Reached skill level 14 in Stealth
 20324 | Lair:5   | Found a large runed translucent door.
 20364 | Lair:5   | Gained mutation: You do not regenerate when monsters are
                  | visible. [Ru sacrifice]
 20364 | Lair:5   | Reached ****** piety under Ru
 20998 | Orc:1    | Entered Level 1 of the Orcish Mines
 21177 | Orc:1    | Noticed Urug
 21190 | Orc:1    | Killed Urug
 21191 | Orc:1    | Reached XP level 15. HP: 45/120 MP: 14/15
 21327 | Orc:1    | Found a runed translucent gate.
 21327 | Orc:1    | Found a runed translucent gate.
 21327 | Orc:1    | Found a runed translucent gate.
 21335 | Orc:1    | Noticed waddelsworth's ghost (journeyman GrEE)
 21547 | Orc:1    | Killed waddelsworth's ghost
 21618 | Orc:2    | Entered Level 2 of the Orcish Mines
 22174 | Orc:2    | Found Fampa's General Store.
 22179 | Orc:2    | Found Vaakiku's Antique Weapon Boutique.
 22188 | Orc:2    | Found Jaon's Antique Armour Boutique.
 22193 | Orc:2    | Found Saczu's Jewellery Boutique.
 22216 | Orc:2    | Noticed Nessos
 22222 | Orc:2    | Killed Nessos
 22276 | Orc:2    | Found a dark tunnel.
 22409 | Orc:2    | Found a staircase to the Elven Halls.
 22487 | Orc:2    | Bought a pair of embroidered boots for 180 gold pieces
 22635 | Orc:2    | Noticed Jorgrun
 22645 | Orc:2    | Killed Jorgrun
 22646 | Orc:2    | Reached skill level 15 in Stealth
 22844 | Orc:2    | Noticed Rupert
 22855 | Orc:2    | Killed Rupert
 22856 | Orc:2    | Reached skill level 14 in Dodging
 22976 | Orc:2    | Learned a level 5 spell: Borgnjor's Vile Clutch
 22982 | Orc:2    | Learned a level 5 spell: Silence
 22982 | Orc:2    | Upgraded the game from 0.30.0-5-g1a98f26d00 to
                  | 0.30.0-7-g0c4daa9e05
 23231 | Snake:1  | Entered Level 1 of the Snake Pit
 23290 | Snake:1  | Noticed Josephine
 23298 | Snake:1  | Killed Josephine
 23299 | Snake:1  | Reached skill level 1 in Necromancy
 23306 | Snake:1  | Reached skill level 1 in Earth Magic
 23409 | Snake:1  | Reached skill level 2 in Necromancy
 23533 | Snake:1  | Reached skill level 2 in Earth Magic
 23624 | Snake:1  | Reached skill level 3 in Necromancy
 23745 | Snake:1  | Got Performing Successful Spellweaving
 23973 | Snake:1  | Reached skill level 3 in Earth Magic
 23981 | Snake:1  | Reached skill level 13 in Fighting
 24183 | Snake:2  | Noticed Vashnia
 24185 | Snake:2  | Reached skill level 4 in Necromancy
 24190 | Snake:2  | Killed Vashnia
 24314 | Snake:2  | Reached skill level 4 in Earth Magic
 24314 | Snake:2  | Gained mutation: You have an absolutely massive brain. (Int
                  | +6, Wiz) [demonic ancestry]
 24314 | Snake:2  | Reached XP level 16. HP: 107/131 MP: 16/16
 24497 | Snake:2  | Reached skill level 5 in Necromancy
 24594 | Abyss:2  | Cast into level 2 of the Abyss (salamander)
 24651 | Abyss:2  | HP: 20/113 [vault sentinel/bolt[a worldbinder] (11)]
 24656 | Abyss:2  | HP: 10/113 [ironbound thunderhulk/+0 dire flail[a
                  | worldbinder] (10)]
 24660 | Abyss:2  | Killed from afar by an ironbound thunderhulk

Illustrated notes

Levels and vault maps discovered:
D:1:      psy_arrival_dodecagon, layout_basic,
          dreamdust_ecumenical_altar_sealed_demon
D:2:      layout_loops_cross, serial_shops, shop, minmay_misc_feat_cross,
          glass_columns_c, minmay_ruptured
D:3:      layout_basic, xom_butterflies, nicolae_qazlal_scattered_showers,
          nicolae_overflow_crystal_walls, tso_oasis_becter
D:4:      layout_cave_pools, kennysheep_mini, nicolae_wu_jian_wuxing_cycle,
          serial_column_ruins, column_ruins_circle_small, column_ruins_grid_3,
          column_ruins_open_large, column_ruins_grid_1, column_ruins_grid_1,
          column_ruins_open_tiny, chequers_hall_statues_wall_a,
          chequers_serial_rivers_micro_c, uniq_blork_the_orc
D:5:      minmay_evil_eye, layout_rooms, nicolae_ru_the_path_less_chosen,
          uniq_ijyb, uniq_grinder
D:6:      layout_basic, mainiacjoe_overflow_paths, serial_shops,
          nicolae_shop_tiny_statue_garden, uniq_eustachio
D:7:      layout_basic, trog_three_pillars_becter,
          minmay_temple_entry_antechambers, serial_shops, shop,
          patterned_corridor, uniq_crazy_yiuf_cottage
D:8:      layout_basic, mainiacjoe_overflow_brackets, minmay_misc_feat_rows,
          uniq_erica, uniq_gastronok
D:9:      layout_stronghold, grunt_temple_overflow_lords_of_destruction,
          orc_0_dummy, onia_ninara_cookie, uniq_harold
D:10:     layout_loops_ring, kiku_gazebo_garden_becter, cheibriados_altar_1,
          erik_lair_dragon, reono_crystal_passage, uniq_nergalle
D:11:     layout_big_octagon, portal_ice_cave_demonic_guard
D:12:     layout_loops_cross, grunt_ministairs_6
D:13:     layout_gridville, serial_shops, shop, st_stairs_14,
          nicolae_shop_firing_range
D:14:     layout_cave_pools, skrybe_vaults_entry_preservation,
          dreamdust_princess_bridge, lemuel_blue_sif_altar
D:15:     grunt_enter_depths_hoard, layout_stronghold,
          nicolae_trove_entry_path_of_doom, minmay_misc_feat_four_crosses,
          chequers_serial_rivers_room_a
Temple:   hellmonk_temple_forest_ring
Lair:1:   layout_cave_pods, hangedman_lair_unloving_vines, serial_bayou_pond_a,
          st_stairs_4, lemuel_fruit_tree
Lair:2:   minmay_lair_oklob_tunnel, layout_loops_ring,
          elwin_shoals_entry_stream, minmay_snake_entry_six_corridors
Lair:3:   layout_chaotic_city, serial_bayou_pond_d, cheibrodos_lair_reptile_den
Lair:4:   layout_big_grid, chequers_serial_rivers_micro_d,
          chequers_serial_rivers_small_b, serial_bayou_shore_a,
          infiniplex_staircase_pool_2
Lair:5:   cheibrodos_lair_end_hotspot, layout_regular_city, slime_entry_1,
          minmay_stone_trees_small
Snake:1:  layout_misc_corridors, uniq_josephine
Snake:2:  layout_misc_corridors, uniq_vashnia
Orc:1:    layout_caves, gammafunk_ghost_necromancy, statue_in_the_mist_lemuel,
          uniq_urug
Orc:2:    grunt_orc_cross, layout_caves, nicolae_volcano_entry_vermiform,
          uniq_jorgrun, uniq_rupert, uniq_nessos
Abyss:2:  base:
D:2

Skill      XL: |  1  2  3  4  5  6  7  8  9 10 11 12 13 14 15 16 |
---------------+-------------------------------------------------+-----
Ranged Weapons | 4 5 6 7 8 10 13 15 17 18 | 18.0
Fighting       | 3 4 5 7 8 10 12 13 | 13.9
Dodging        | 4 8 11 13 14 | 14.0
Stealth        | 4 9 11 14 15 | 15.0
Necromancy     | 4 5 |  5.6
Earth Magic    | 4 |  4.5

Action                     |  1- 3 |  4- 6 |  7- 9 | 10-12 | 13-15 | 16-18 || total
---------------------------+-------+-------+-------+-------+-------+-------++-------
   Fire: Shortbow          |    26 |       |       |       |       |       ||    26
         Longbow           |    67 |    68 |   279 |   551 |  1319 |    82 ||  2366
 Invoke: Sacrifice Durabil |       |       |       |     1 |       |       ||     1
         Sacrifice Purity  |       |       |       |     1 |     1 |       ||     2
         Sacrifice Drink   |       |       |       |     1 |       |       ||     1
         Apocalypse        |       |       |       |       |     5 |     1 ||     6
         Sacrifice Artific |       |       |       |       |     1 |       ||     1
         Reject Sacrifices |       |       |       |       |     1 |       ||     1
    Use: Scroll            |     3 |       |    20 |     8 |     8 |     1 ||    40
 Armour: Leather armour    |    12 |     6 |    22 |    94 |    75 |     6 ||   215
  Dodge: Dodged            |    35 |     2 |    54 |   150 |   259 |    14 ||   514

Levels and vault maps discovered:
D:1:      psy_arrival_dodecagon, layout_basic,
          dreamdust_ecumenical_altar_sealed_demon
D:2:      layout_loops_cross, serial_shops, shop, minmay_misc_feat_cross,
          glass_columns_c, minmay_ruptured
D:3:      layout_basic, xom_butterflies, nicolae_qazlal_scattered_showers,
          nicolae_overflow_crystal_walls, tso_oasis_becter
D:4:      layout_cave_pools, kennysheep_mini, nicolae_wu_jian_wuxing_cycle,
          serial_column_ruins, column_ruins_circle_small, column_ruins_grid_3,
          column_ruins_open_large, column_ruins_grid_1, column_ruins_grid_1,
          column_ruins_open_tiny, chequers_hall_statues_wall_a,
          chequers_serial_rivers_micro_c, uniq_blork_the_orc
D:5:      minmay_evil_eye, layout_rooms, nicolae_ru_the_path_less_chosen,
          uniq_ijyb, uniq_grinder
D:6:      layout_basic, mainiacjoe_overflow_paths, serial_shops,
          nicolae_shop_tiny_statue_garden, uniq_eustachio
D:7:      layout_basic, trog_three_pillars_becter,
          minmay_temple_entry_antechambers, serial_shops, shop,
          patterned_corridor, uniq_crazy_yiuf_cottage
D:8:      layout_basic, mainiacjoe_overflow_brackets, minmay_misc_feat_rows,
          uniq_erica, uniq_gastronok
D:9:      layout_stronghold, grunt_temple_overflow_lords_of_destruction,
          orc_0_dummy, onia_ninara_cookie, uniq_harold
D:10:     layout_loops_ring, kiku_gazebo_garden_becter, cheibriados_altar_1,
          erik_lair_dragon, reono_crystal_passage, uniq_nergalle
D:11:     layout_big_octagon, portal_ice_cave_demonic_guard
D:12:     layout_loops_cross, grunt_ministairs_6
D:13:     layout_gridville, serial_shops, shop, st_stairs_14,
          nicolae_shop_firing_range
D:14:     layout_cave_pools, skrybe_vaults_entry_preservation,
          dreamdust_princess_bridge, lemuel_blue_sif_altar
D:15:     grunt_enter_depths_hoard, layout_stronghold,
          nicolae_trove_entry_path_of_doom, minmay_misc_feat_four_crosses,
          chequers_serial_rivers_room_a
Temple:   hellmonk_temple_forest_ring
Lair:1:   layout_cave_pods, hangedman_lair_unloving_vines, serial_bayou_pond_a,
          st_stairs_4, lemuel_fruit_tree
Lair:2:   minmay_lair_oklob_tunnel, layout_loops_ring,
          elwin_shoals_entry_stream, minmay_snake_entry_six_corridors
Lair:3:   layout_chaotic_city, serial_bayou_pond_d, cheibrodos_lair_reptile_den
Lair:4:   layout_big_grid, chequers_serial_rivers_micro_d,
          chequers_serial_rivers_small_b, serial_bayou_shore_a,
          infiniplex_staircase_pool_2
Lair:5:   cheibrodos_lair_end_hotspot, layout_regular_city, slime_entry_1,
          minmay_stone_trees_small
Snake:1:  layout_misc_corridors, uniq_josephine
Snake:2:  layout_misc_corridors, uniq_vashnia
Orc:1:    layout_caves, gammafunk_ghost_necromancy, statue_in_the_mist_lemuel,
          uniq_urug
Orc:2:    grunt_orc_cross, layout_caves, nicolae_volcano_entry_vermiform,
          uniq_jorgrun, uniq_rupert, uniq_nessos
Abyss:2:  base:
D:2

Table legend: (Time is in decaauts)
 A = Elapsed time spent in this place.
 B = Non-inter-level travel time spent in this place.
 C = Inter-level travel time spent in this place.
 D = Time resting spent in this place.
 E = Time spent auto-exploring this place.
 F = Levels seen in this place.
 G = Mean time per level.
                   A        B        C        D        E       F      G
               +--------+--------+--------+--------+--------+-----+--------+
         Total |  24288 |  21283 |   3005 |    149 |  17459 |  27 |  899.6 |
       Dungeon |  15275 |  13130 |   2145 |    106 |  11068 |  15 | 1018.3 |
        Temple |    157 |    143 |     14 |      0 |    135 |   1 |  157.0 |
          Lair |   5535 |   4962 |    573 |      0 |   4198 |   5 | 1107.0 |
     Snake Pit |   1291 |   1197 |     94 |      0 |    921 |   2 |  645.5 |
  Orcish Mines |   1957 |   1779 |    178 |     43 |   1109 |   2 |  978.5 |
         Abyss |     63 |     63 |      0 |      0 |     28 |   1 |   63.0 |
      Ice Cave |      7 |      7 |      0 |      0 |      0 |   1 |    7.0 |
               +--------+--------+--------+--------+--------+-----+--------+

Top non-repeatable levels by time:
     D:6: 1560 daAuts
    D:10: 1492 daAuts
  Lair:2: 1481 daAuts
  Lair:5: 1384 daAuts
    D:13: 1213 daAuts
     D:5: 1201 daAuts
   Orc:2: 1198 daAuts
     D:1: 1178 daAuts
     D:9: 1146 daAuts
 Snake:1: 1143 daAuts
    D:15: 1051 daAuts
     D:7: 1033 daAuts
  Lair:1: 1013 daAuts
    D:11: 986 daAuts
    D:14: 874 daAuts

Table legend:
 A = Kills in this place as a percentage of kills in the entire game.
 B = Kills by you in this place as a percentage of kills by you in the entire game.
 C = Kills by friends in this place as a percentage of kills by friends in the entire game.
 D = Other kills in this place as a percentage of other kills in the entire game.
 E = Experience gained in this place as a percentage of experience gained in the entire game.
 F = Experience gained in this place divided by the number of levels of this place that you have seen.
                   A       B       C       D       E      F
               +-------+-------+-------+-------+-------+----------------------
         Total | 100.0 | 100.0 |   N/A | 100.0 | 100.0 | 6078.2
       Dungeon |  48.5 |  48.9 |   N/A |   0.0 |  29.9 | 3269.7
          Lair |  26.7 |  26.5 |   N/A |  60.0 |  32.2 | 10561.8
     Snake Pit |  10.7 |  10.5 |   N/A |  40.0 |  25.2 | 20655.5
  Orcish Mines |  13.3 |  13.4 |   N/A |   0.0 |  12.3 | 10068.0
         Abyss |   0.4 |   0.4 |   N/A |   0.0 |   0.4 | 701.0
      Ice Cave |   0.3 |   0.3 |   N/A |   0.0 |   0.1 | 109.0
               +-------+-------+-------+-------+-------+----------------------
